 Dungeon Crawl Stone Soup version 0.31-a0-175-g9f7f995f2b (webtiles) character file.

Game seed: 5940675089596411292

4409 Drazool the Grappler (level 10, -8/100 HPs)
             Began as a Troll Monk on June 16, 2023.
             Was a High Priest of Wu Jian.
             Mangled by an orc warlord
             ... wielding a +4 broad axe
              (17 damage)
             ... in a bailey.
             The game lasted 00:19:41 (7663 turns).

Drazool the Grappler (Troll Monk)                   Turns: 7663, Time: 00:19:42

Health: -8/100     AC:  5    Str: 25    XL:     10   Next: 14%
Magic:  9/9        EV: 12    Int:  6    God:    Wu Jian [*****.]
Gold:   346        SH:  0    Dex: 12    Spells: 9/9 levels left

rFire   + .          .
                       - Unarmed
rCold   . . .        c - orb {light}
rNeg    . . .        a - +1 robe
rPois   .            (helmet restricted)
rElec   .            (no cloak)
rCorr   .            (gloves unavailable)
SInv    .            (boots unavailable)
Will    .....        w - amulet of regeneration
Stlth   +            F - ring of protection from fire
HPRegen 1.96/turn    (no ring)
MPRegen 0.11/turn

%: no passive effects
@: glowing
A: large, unfitting armour, claws 3, regeneration 1, shaggy fur 1, tough skin 1
a: Renounce Religion, Wall Jump, Serpent's Lash, Heavenly Storm


You were in a bailey.
You worshipped Wu Jian.
Wu Jian was extremely pleased with you.
You visited 2 branches of the dungeon, and saw 9 of its levels.
You also visited: Ossuary and Bailey.

You collected 372 gold pieces.
You spent 26 gold pieces at shops.


Innate Abilities, Weirdness & Mutations

You are too large for most types of armour.
You have claws for hands.
Your natural rate of healing is unusually fast.
You are covered in fur. (AC +1)
You have tough skin. (AC +1)


   Skills:
 + Level 6.6 Fighting
 + Level 6.6 Dodging
 * Level 11.0 Unarmed Combat


You had 9 spell levels left.
You didn't know any spells.
Your spell library contained the following spells:

 Spells                   Type           Power      Damage    Failure   Level
 Magic Dart               Conj           0%         1d3       45%         1
 Sting                    Tmut/Pois      0%         1d3       45%         1
 Poisonous Vapours        Pois/Air       0%         N/A       58%         2
 Searing Ray              Conj           0%         2d4       58%         2
 Ozocubu's Armour         Ice            0%         N/A       83%         3
 Vhi's Electric Charge    Tloc/Air       0%         N/A       83%         3
 Anguish                  Hex/Necr       0%         N/A       99%         4
 Cause Fear               Hex            0%         N/A       99%         4
 Fulminant Prism          Conj/Hex       0%         3d5       99%         4
 Olgreb's Toxic Radiance  Pois           0%         N/A       99%         4
 Arcjolt                  Conj/Air       0%         1d10      100%        5
 Plasma Beam              Fire/Air       0%         2x1d10    100%        6
 Enfeeble                 Hex            0%         N/A       100%        7
 Ozocubu's Refrigeration  Ice            0%         4d7       100%        7

Inventory:

Missiles
 i - 9 javelins
 q - 6 poisoned darts (quivered)
Armour
 a - a +1 robe (worn)
 c - an orb of light (worn)
Jewellery
 h - an amulet of reflection
 o - an amulet of the acrobat
 w - an amulet of regeneration (around neck)
 F - a ring of protection from fire (left claw)
Wands
 n - a wand of mindburst (7)
 p - a wand of light (3)
 x - a wand of paralysis (8)
 A - a wand of flame (27)
Scrolls
 d - 3 scrolls of brand weapon
 f - 2 scrolls of blinking
 j - 4 scrolls of fog
 l - 4 scrolls of poison
 r - 3 scrolls of butterflies {unknown}
 u - 5 scrolls of enchant armour
 v - 2 scrolls of vulnerability
 y - a scroll of fear {unknown}
 C - 3 scrolls of teleportation {unknown}
 D - a scroll of immolation
 E - a scroll of silence {unknown}
 G - a scroll of amnesia {unknown}
 H - 2 scrolls of torment
Potions
 b - a potion of ambrosia
 e - a potion of enlightenment {unknown}
 g - a potion of haste {unknown}
 k - 2 potions of degeneration {unknown}
 m - 3 potions of magic {unknown}
 s - 2 potions of might
 t - 6 potions of curing {@q1}
 z - 2 potions of berserk rage {unknown}
 B - 2 potions of lignification {unknown}
 I - 2 potions of attraction {unknown}

Dungeon Overview and Level Annotations

Branches:
Dungeon (8/15)             Temple (1/1) D:4            Lair (0/5) D:8
Ossuary (visited)          Bailey (1/1)

Altars:
Ashenzari
Cheibriados
Dithmenos
Gozag
Hepliaklqana
Kikubaaqudgha
Makhleb
Nemelex Xobeh
Okawaru
Ru
Sif Muna
Trog
Uskayaw
Vehumet
Wu Jian
Xom
Yredelemnul
Zin

Shops:
D:1 [   D:7 *[(

Annotations:
D:2 1 runed translucent door, Crazy Yiuf

♣▒▒)''▒▒♣ ▒▒.....▒▒
▒.......▒ ▒▒.......▒▒
▒.........▒ ▒▒.........▒▒
▒▒▒▒▒▒▒.....⌠.....▒▒▒▒▒▒▒
▒▒.....▒▒....)....▒▒.....▒
▒......)'@o....((.'.......
▒▒.......▒▒.......▒▒.......
▒.........▒.......▒........
▒▒.........▒▒.....▒▒........
▒.....⌠.)...▒▒▒▒▒▒▒...o.⌠...
▒▒.........▒▒ ▒▒........
▒.........▒ ▒........
▒▒.......▒▒ ▒▒.......
▒.......▒ ▒....(..


You could see an orc warlord.


Message History

You mangle the orc warlord!!
The orc warlord is moderately wounded.
The orc warlord closely misses you.
You claw the orc warlord!
The orc warlord is heavily wounded.
You scratch the orc warlord.
The orc warlord is heavily wounded.
The orc warlord hits you with a +4 broad axe!
You scratch the orc warlord but do no damage.
The orc warlord is heavily wounded.
The orc warlord hits you with a +4 broad axe!
You scratch the orc warlord but do no damage.
The orc warlord is heavily wounded.
The orc warlord hits you with a +4 broad axe!!
* * * LOW HITPOINT WARNING * * *
You mangle the orc warlord!!
The orc warlord is severely wounded.
The orc warlord looks more healthy.
The orc warlord hits you with a +4 broad axe!!
* * * LOW HITPOINT WARNING * * *
The orc warlord attacks as you move away!
The orc warlord hits you with a +4 broad axe!
* * * LOW HITPOINT WARNING * * *
Items here: ))) [[[ ÷÷.
You claw the orc warlord!
The orc warlord is severely wounded.
You scratch the orc warlord.
The orc warlord is severely wounded.
The orc warlord hits you with a +4 broad axe!
You die...

Skill      XL: |  1  2  3  4  5  6  7  8  9 10 |
---------------+-------------------------------+-----
Unarmed Combat | 4 5 6 7 8 10 11 | 11.0
Dodging        | 3 4 5 6 |  6.6
Fighting       | 3 4 5 6 |  6.6

Action                     |  1- 3 |  4- 6 |  7- 9 | 10-12 || total
---------------------------+-------+-------+-------+-------++-------
  Melee: Unarmed           |    66 |    99 |   332 |    46 ||   543
  Throw: Dart              |       |    15 |       |     4 ||    19
Ability: Lunge             |       |     7 |    44 |     9 ||    60
         Whirlwind         |       |     4 |     9 |       ||    13
  Evoke: Wand              |       |       |     3 |     1 ||     4
    Use: Scroll            |       |       |    13 |     1 ||    14
 Armour: Robe              |    24 |    20 |    40 |       ||    84
  Dodge: Dodged            |    28 |    38 |   112 |     9 ||   187
  Block: Orb               |     5 |    15 |       |       ||    20
         Reflection        |       |     1 |       |       ||     1

Levels and vault maps discovered:
D:1:      minmay_arrival_arboretum_small, layout_basic, serial_shops,
          nicolae_shop_behind_doors
D:2:      layout_basic, nrook_mini_vaults, hangedman_decor_riveting,
          uniq_crazy_yiuf_cottage
D:3:      wad_lake_hut, layout_basic, minmay_statues_item
D:4:      layout_loops_ring, gammafunk_temple_overflow_forgotten,
          temple_fountains, serial_rivers, chequers_serial_rivers_large_a,
          chequers_serial_rivers_large_b, chequers_serial_rivers_micro_b,
          chequers_serial_rivers_micro_e, chequers_serial_rivers_small_b
D:5:      layout_rooms, serial_rivers, chequers_serial_rivers_micro_a,
          chequers_serial_rivers_small_b, chequers_serial_rivers_micro_c,
          chequers_serial_rivers_micro_a, chequers_serial_rivers_small_b,
          chequers_serial_rivers_small_a, hangedman_abyss_or_decor_stabs,
          uniq_pikel, uniq_menkaure
D:6:      layout_basic, bloody_trog, mainiacjoe_overflow_tiny_flanked
D:7:      layout_loops_corners, grunt_temple_overflow_champion_of_chaos,
          serial_shops, nicolae_shop_tiny_waterfront,
          nicolae_shop_back_alley_shop, shop, nicolae_ossuary_entry_catacombs
D:8:      layout_loops_corners, hellmonk_lair_entry_icy, serial_shops,
          nicolae_shop_tiny_real_fake_doors, enter_bailey_2, serial_park_tiny_2
Temple:   chequers_temple_sunken
Bailey:   bailey_axe_minmay_hex_keep, bailey

Notes
Turn   | Place    | Note
-------+----------+-------------------------------------------
     0 | D:1      | Drazool the Troll Monk began the quest for the Orb.
     0 | D:1      | Reached XP level 1. HP: 22/22 MP: 0/0
    13 | D:1      | Found Yfaf's Armour Shop.
   168 | D:1      | Reached XP level 2. HP: 29/29 MP: 1/1
  1030 | D:2      | Reached XP level 3. HP: 36/36 MP: 2/2
  1141 | D:2      | Reached skill level 4 in Unarmed Combat
  1143 | D:2      | Reached XP level 4. HP: 39/44 MP: 3/3
  1272 | D:2      | Reached skill level 3 in Dodging
  1360 | D:2      | Found a runed translucent door.
  1361 | D:2      | Noticed Crazy Yiuf
  1399 | D:2      | Reached skill level 3 in Fighting
  2652 | D:4      | Reached XP level 5. HP: 52/53 MP: 4/4
  2674 | D:4      | Found an opulent altar of Gozag.
  2674 | D:4      | Found a sparkling altar of Nemelex Xobeh.
  2675 | D:4      | Found a sacrificial altar of Ru.
  2795 | D:4      | Found a staircase to the Ecumenical Temple.
  2830 | D:4      | Noticed an ogre
  2854 | D:4      | Killed an ogre
  2855 | D:4      | Reached skill level 5 in Unarmed Combat
  2892 | Temple   | Entered the Ecumenical Temple
  3092 | Temple   | Became a worshipper of the Wu Jian Council
  3092 | Temple   | Reached * piety under Wu Jian
  3092 | Temple   | Reached ** piety under Wu Jian
  3333 | D:4      | Reached XP level 6. HP: 61/61 MP: 5/5
  3895 | D:5      | Entered Level 5 of the Dungeon
  3899 | D:5      | Noticed Menkaure
  3943 | D:5      | Killed Menkaure
  3944 | D:5      | Reached skill level 6 in Unarmed Combat
  3984 | D:5      | Reached XP level 7. HP: 68/68 MP: 6/6
  4024 | D:5      | Reached skill level 4 in Dodging
  4261 | D:5      | Noticed Pikel
  4299 | D:5      | Killed Pikel
  4300 | D:5      | Reached skill level 4 in Fighting
  4300 | D:5      | Reached skill level 7 in Unarmed Combat
  4300 | D:5      | Reached XP level 8. HP: 53/79 MP: 7/7
  4814 | D:6      | Found a snail-covered altar of Cheibriados.
  5044 | D:6      | Reached skill level 8 in Unarmed Combat
  5045 | D:6      | Reached skill level 5 in Fighting
  5045 | D:6      | Reached skill level 5 in Dodging
  5086 | D:6      | Found a bloodstained altar of Trog.
  5820 | D:7      | Found Yhauc's Armour Emporium.
  5857 | D:7      | Found Oturecos's General Store.
  5865 | D:7      | Bought a scroll of identify for 26 gold pieces
  5930 | D:7      | Found Naifemer's Antique Weapon Shoppe.
  6017 | D:7      | Reached XP level 9. HP: 66/88 MP: 8/8
  6019 | D:7      | Reached skill level 9 in Unarmed Combat
  6025 | D:7      | Reached *** piety under Wu Jian
  6124 | D:7      | Found a sand-covered staircase.
  6136 | Ossuary  | Entered an ossuary
  6248 | Ossuary  | Reached **** piety under Wu Jian
  6575 | D:7      | Reached skill level 6 in Fighting
  6575 | D:7      | Reached skill level 6 in Dodging
  6647 | D:7      | Reached skill level 10 in Unarmed Combat
  7229 | D:7      | Found a burning altar of Makhleb.
  7229 | D:7      | Found a shimmering altar of Xom.
  7339 | D:8      | Found a flagged portal.
  7355 | Bailey   | Entered a bailey
  7486 | Bailey   | Reached XP level 10. HP: 94/100 MP: 9/9
  7529 | Bailey   | Reached ***** piety under Wu Jian
  7608 | Bailey   | Noticed an orc warlord
  7615 | Bailey   | Reached skill level 11 in Unarmed Combat
  7661 | Bailey   | HP: 4/100 [orc warlord/+4 broad axe (16)]
  7663 | Bailey   | Mangled by an orc warlord

Vanquished Creatures
  Pikel (D:5)
  Menkaure (D:5)
  A water moccasin (D:6)
  3 sky beasts
  2 black bears
  13 orc warriors
  A wolf (D:8)
  An ogre (D:4)
  A centaur (D:7)
  A lemure (D:5)
  2 elf zombies
  2 bullfrogs
  2 scorpions (D:6)
  An elf skeleton (D:7)
  5 wights (D:7)
  A crimson imp (D:7)
  6 hounds
  3 human zombies
  An orc priest (D:7)
  2 sleepcaps
  3 iguanas
  9 orc wizards
  A human skeleton (D:7)
  2 mummies (Ossuary)
  5 gnolls (Bailey)
  12 adders
  2 shadow imps
  An ufetubus (D:6)
  3 adder zombies (Ossuary)
  3 worms
  A dart slug (D:2)
  36 orcs
  4 ball pythons
  5 endoplasms
  3 giant cockroaches
  12 goblins
  19 hobgoblins
  9 jackals
  2 quokkas (D:1)
  3 bats (D:1)
  A frilled lizard (D:3)
  10 hobgoblin zombies (Ossuary)
  2 jackal zombies (Ossuary)
  5 kobolds
  10 kobold zombies (Ossuary)
  An orc skeleton (D:7)
  9 orc zombies
  7 rats
230 creatures vanquished.

Table legend: (Time is in decaauts)
 A = Elapsed time spent in this place.
 B = Non-inter-level travel time spent in this place.
 C = Inter-level travel time spent in this place.
 D = Time resting spent in this place.
 E = Time spent auto-exploring this place.
 F = Levels seen in this place.
 G = Mean time per level.
                   A        B        C        D        E       F      G
               +--------+--------+--------+--------+--------+-----+--------+
         Total |   7596 |   7002 |    594 |     24 |   5592 |  11 |  690.5 |
       Dungeon |   6872 |   6312 |    560 |     24 |   5218 |   8 |  859.0 |
        Temple |    218 |    184 |     34 |      0 |    178 |   1 |  218.0 |
       Ossuary |    210 |    210 |      0 |      0 |     72 |   1 |  210.0 |
        Bailey |    294 |    294 |      0 |      0 |    124 |   1 |  294.0 |
               +--------+--------+--------+--------+--------+-----+--------+

Top non-repeatable levels by time:
     D:7: 1263 daAuts
     D:4: 1062 daAuts
     D:3: 1025 daAuts
     D:6: 967 daAuts
     D:1: 934 daAuts
     D:5: 880 daAuts
     D:2: 675 daAuts
  Bailey: 294 daAuts
  Temple: 218 daAuts
 Ossuary: 210 daAuts
     D:8: 63 daAuts

Table legend:
 A = Non-vault XP
 B = Vault XP
 C = Vault XP percentage of total XP
 D = Non-vault monster count
 E = Vault monster count
 F = Vault count percentage of total count
                 A         B        C        D         E       F
            +---------+---------+-------+---------+---------+-------
      Total |    3296 |    3003 |  47.7 |     141 |      88 |  38.4
            +---------+---------+-------+---------+---------+-------
        D:1 |      27 |       0 |   0.0 |      17 |       0 |   0.0
        D:2 |      99 |       0 |   0.0 |      21 |       0 |   0.0
        D:3 |      60 |       0 |   0.0 |      18 |       0 |   0.0
        D:4 |     355 |       0 |   0.0 |      14 |       0 |   0.0
        D:5 |     292 |     883 |  75.1 |      19 |       2 |   9.5
        D:6 |     783 |       0 |   0.0 |      14 |       0 |   0.0
        D:7 |    1551 |     304 |  16.4 |      36 |       7 |  16.3
        D:8 |     129 |     116 |  47.3 |       2 |       1 |  33.3
    Ossuary |       0 |     263 | 100.0 |       0 |      38 | 100.0
     Bailey |       0 |    1437 | 100.0 |       0 |      40 | 100.0
            +---------+---------+-------+---------+---------+-------
